 Dungeon Crawl Stone Soup version 0.27.1 (webtiles) character file.

Game seed: 5128508064076729966

59 Rrauwl the Vexing (level 3, 0/20 HPs)
             Began as a Deep Elf Arcane Marksman on Aug 23, 2021.
             Was a Believer of Ru.
             Slain by an orc priest (1 damage)
             ... on level 3 of the Dungeon.
             The game lasted 00:08:48 (2195 turns).

Rrauwl the Vexing (Deep Elf Arcane Marksman)        Turns: 2195, Time: 00:08:49

Health: 0/20       AC:  4    Str:  8    XL:     3   Next: 78%
Magic:  8/9        EV: 13    Int: 17    God:    Ru [**....]
Gold:   72         SH:  0    Dex: 21    Spells: 3/7 levels left

rFire    . . .     SeeInvis .   a - +0 shortbow (freeze)
rCold    . . .     Faith    .   (shield currently unavailable)
rNeg     . . .     Spirit   .   l - +2 robe {Archmagi}
rPois    .         Reflect  .   (no helmet)
rElec    .         Harm     .   (no cloak)
rCorr    .         Rampage  .   (no gloves)
Will     .....     Archmagi +   (no boots)
Stlth    ++........             (no amulet)
HPRegen  0.06/turn              e - +6 ring of dexterity
MPRegen  0.11/turn              (no ring)

@: no status effects
A: inability to use devices
a: Renounce Religion


You were on level 3 of the Dungeon.
You worshipped Ru.
Ru was pleased with you.
You visited 1 branch of the dungeon, and saw 3 of its levels.

You collected 142 gold pieces.
You spent 70 gold pieces at shops.

Inventory:

Hand Weapons
 a - a +0 shortbow of freezing (weapon)
Missiles
 c - 13 arrows (quivered ammo)
Armour
 l - a +2 robe of the Archmagi (worn)
Magical Staves
 b - a staff of poison
Jewellery
 e - a +6 ring of dexterity (left hand)
 k - a ring of fire


   Skills:
 - Level 1.0 Fighting
 + Level 3.0 Bows
 + Level 0.8 Armour
 + Level 2.9 Dodging
 + Level 1.5 Stealth
 + Level 2.7 Spellcasting
 + Level 4.4 Hexes
 + Level 0.3 Translocations


You had 3 spell levels left.
You knew the following spells:

 Your Spells              Type           Power      Damage    Failure   Level
a - Corona                Hex            28%        N/A       3%          1
b - Portal Projectile     Hex/Tloc       30%        N/A       21%         3

Your spell library contained the following spells:

 Spells                   Type           Power      Damage    Failure   Level
 Slow                     Hex            26%        N/A       4%          2
 Magic Dart               Conj           12%        1d3       19%         1
 Inner Flame              Hex/Fire       14%        N/A       22%         3
 Searing Ray              Conj           6%         3d3       26%         2
 Cause Fear               Hex            13%        N/A       28%         4
 Fulminant Prism          Conj/Hex       7%         3d7       58%         4


Dungeon Overview and Level Annotations

Branches:
Dungeon (3/15)

Altars:
Ru
The Shining One

Shops:
D:1 =   D:2 [


Innate Abilities, Weirdness & Mutations

You cannot study or use magical devices.


Message History

The orc priest hits you but does no damage.
Fire: 17 arrows
Press: ? - help, Q - select action, (/) - cycle Shift-Dir - straight line, f/p - orc priest
Aim: an orc priest, wielding a +0 hand axe and wearing a +0 leather armour (moderately wounded, blind, 63% to hit)
You shoot an arrow.
The arrow closely misses the orc priest.
The orc priest hits you with a +0 hand axe.
* * * LOW HITPOINT WARNING * * *
Fire: 16 arrows
Press: ? - help, Q - select action, (/) - cycle Shift-Dir - straight line, f/p - orc priest
Aim: an orc priest, wielding a +0 hand axe and wearing a +0 leather armour (moderately wounded, blind, 63% to hit)
You shoot an arrow. The arrow barely misses the orc priest.
The orc priest hits you but does no damage.
Fire: 15 arrows
Press: ? - help, Q - select action, (/) - cycle Shift-Dir - straight line, f/p - orc priest
Aim: an orc priest, wielding a +0 hand axe and wearing a +0 leather armour (moderately wounded, blind, 63% to hit)
You shoot an arrow. The arrow hits the orc priest.
The arrow freezes the orc priest.
The orc priest is heavily wounded.
The orc priest closely misses you.
The orc priest hits you with a +0 hand axe.
* * * LOW HITPOINT WARNING * * *
You aren't carrying any potions.
Cast which spell? (? or * to list)
Okay, then.
Cast which spell? (? or * to list)
Aiming: Corona (safe; 3% risk of failure)
Press: ? - help, Shift-Dir - straight line, f/p - orc priest
Aim: an orc priest, wielding a +0 hand axe and wearing a +0 leather armour (heavily wounded, blind, chance to affect: 67%)
You feel a surge of power!
The orc priest is outlined in light.
The orc priest begins to pray, but is stunned by your conviction!
Unknown command.
Fire: 14 arrows
Press: ? - help, Q - select action, (/) - cycle Shift-Dir - straight line, f/p - orc priest
Aim: an orc priest, wielding a +0 hand axe and wearing a +0 leather armour (heavily wounded, blind, softly glowing, 80% to hit)
You shoot an arrow.
The arrow hits the orc priest but does no damage.
The orc priest is heavily wounded.
The orc priest hits you with a +0 hand axe.
You die...

## #. ♣. ♣.## ♣..#####
#@....## ♣o##...# §.≈
≈♣≈.... ♣(##.#.#
.P≈♣♣≈≈♣...♣.. ..##.#.#
§..≈§≈♣.........(.#.#.#
..♣.≈≈≈.P...♣♣♣.#.#.#.#
...♣.≈......♣♣♣.#.#.#.#
...♣≈♣≈....♣.♣♣##.#.#.#
♣...........♣♣#.#.#.#.#


You could see an orc priest (blind, corona).

Vanquished Creatures
  2 dart slugs
  3 orcs (D:3)
  2 endoplasms (D:1)
  5 giant cockroaches
  4 goblins
  6 hobgoblins
  6 jackals (D:1)
  2 quokkas
  6 ball pythons
  A bat (D:2)
  2 frilled lizards (D:1)
  A kobold (D:2)
  8 rats
48 creatures vanquished.

Vanquished Creatures (others)
  18 plants (D:3)
18 creatures vanquished.

Grand Total: 66 creatures vanquished

Notes
Turn   | Place    | Note
-------+----------+-------------------------------------------
     0 | D:1      | Rrauwl the Deep Elf Arcane Marksman began the quest for the
                  | Orb.
     0 | D:1      | Reached XP level 1. HP: 11/11 MP: 5/5
    33 | D:1      | Found a faded altar of an unknown god.
    56 | D:1      | Reached skill level 1 in Fighting
   230 | D:1      | Became a worshipper of Ru the Awakened
   248 | D:1      | Gained mutation: You cannot study or use magical devices.
                  | [Ru sacrifice]
   248 | D:1      | Reached * piety under Ru
   248 | D:1      | Reached ** piety under Ru
   277 | D:1      | Reached XP level 2. HP: 12/16 MP: 6/6
   522 | D:1      | Reached skill level 1 in Stealth
   571 | D:1      | Found Awikhor's Jewellery Boutique.
   738 | D:1      | Reached XP level 3. HP: 20/20 MP: 8/8
  1073 | D:2      | Learned a level 3 spell: Portal Projectile
  1569 | D:2      | Found Bosh's Antique Armour Emporium.
  1575 | D:2      | Bought a glowing robe for 70 gold pieces
  1765 | D:3      | Found a glowing golden altar of the Shining One.
  2193 | D:3      | HP: 1/20 [orc priest (3)]
  2195 | D:3      | Slain by an orc priest

Illustrated notes

Levels and vault maps discovered:
D:1:      minmay_arrival_loop, layout_basic,
          hellmonk_ecumenical_altar_dog_temple, serial_shops, shop
D:2:      layout_basic, serial_shops, nicolae_square_shop
D:3:      wad_woods_pond, layout_basic, mainiacjoe_overflow_24_doors,
          minitemple, serial_co_window_serial, co_window_paths_b,
          co_window_paths_a, co_window_corner_a, co_window_paths_a,
          co_window_paths_b, co_window_paths_a, co_window_of_opportunity_a,
          co_window_corner_ca, co_window_2corner, co_window_paths_c,
          glass_columns_c, glass_columns_a, glass_columns_a, glass_columns_a,
          glass_columns_b

Skill      XL: |  1  2  3 |
---------------+----------+-----
Fighting       | 1 |  1.0
Spellcasting   | 2 |  2.7
Stealth        | 1 |  1.5
Bows           | 3 |  3.0
Armour         | |  0.8
Dodging        | |  2.9
Hexes          | |  4.4
Translocations | |  0.3

Action                   || total
-------------------------++-------
 Fire: Shortbow          ||   143
 Cast: Corona            ||     1
Invok: Sacrifice Artific ||     1
  Use: Potion            ||     6
       Scroll            ||     4
Armor: Robe              ||    10
Dodge: Dodged            ||    32
